 Dungeon Crawl Stone Soup version 0.15-a0-35-ga771cbd (webtiles) character file.

133 4tharraofdagon the Poker (level 4, -2/40 HPs)
             Began as a Naga Gladiator on Apr 2, 2014.
             Was an Initiate of Cheibriados.
             Slain by a hobgoblin
             ... wielding a +0,+0 club
              (4 damage)
             ... on Level 3 of the Dungeon.
             The game lasted 00:03:14 (556 turns).

4tharraofdagon the Poker (Naga Gladiator)            Turns: 556, Time: 00:03:14

HP  -2/40        AC  8     Str 18      XL: 4   Next: 71%
MP   4/4         EV 11     Int 11      God: Cheibriados [......]
Gold 35          SH  0     Dex 12      Spells:  0 memorised,  3 levels left

rFire  . . .     SeeInvis +     a - +0 trident
rCold  . . .     Clarity  .     m - +0 ring mail
rNeg   . . .     Conserve .     (no shield)
rPois  +         rCorr    .     c - +0 helmet
rElec  .         rRot     .     p - +2 cloak
SustAb . .       Spirit   .     (no gloves)
rMut   .         Warding  .     (no barding)
Saprov . . .     Stasis   .     (no amulet)
MR     .....                    (no ring)
                                k - +3 ring of evasion

@: short of breath, very slow, not resistant to hostile enchantments, extremely
unstealthy
A: spit poison, see invisible, deformed body, poison resistance, slowness 2, AC
+1
a: Spit Poison, Bend Time, Renounce Religion


You were on level 3 of the Dungeon.
You worshipped Cheibriados.
Cheibriados was noncommittal.
You were not hungry.

You visited 1 branch of the dungeon, and saw 3 of its levels.

You collected 35 gold pieces.

Inventory:

Hand weapons
 a - a +0,+0 trident (weapon)
Missiles
 d - 3 throwing nets (quivered)
 s - 25 darts
Armour
 b - a +0 leather armour
 c - a +0 helmet (worn)
 m - a +0 ring mail (worn)
 p - a +2 cloak (worn)
Comestibles
 f - 2 bread rations
 g - an apple
 i - a meat ration
 r - a rotting chunk of adder flesh
 t - 2 chunks of jackal flesh
Scrolls
 e - a scroll of fear {unknown}
 h - a scroll of enchant weapon II {unknown}
 l - a scroll of enchant armour {unknown}
 n - a scroll of random uselessness {unknown}
 q - a scroll of immolation {unknown}
Jewellery
 k - a +3 ring of evasion (left hand)
Potions
 j - a potion of might {unknown}
 o - 2 potions of curing


   Skills:
 + Level 2.4 Fighting
 * Level 4.1 Polearms
 - Level 1.7 Throwing
 + Level 1.2 Armour
 + Level 2.9 Dodging
 + Level 0.7 Invocations


You had 3 spell levels left.
You didn't know any spells.

Dungeon Overview and Level Annotations

Branches:
Dungeon (3/15)

Altars:
Cheibriados
Fedhas


Innate Abilities, Weirdness & Mutations

You cannot wear boots.
You can spit poison.
Your serpentine skin is tough (AC +1).
You have supernaturally acute eyesight.
Armour fits poorly on your strangely shaped body.
Your system is resistant to poisons.
You cover ground very slowly.


Message History

Okay, then!
Use which ability? (? or * to list)
You fail to use your ability!
Unknown command!
You perforate the hobgoblin but do no damage!
The hobgoblin closely misses you!
You spit the hobgoblin like a pig!
The hobgoblin is lightly wounded!
The hobgoblin hits you with a club!
* * * LOW HITPOINT WARNING * * *
You barely miss the hobgoblin!
The hobgoblin is lightly wounded!
The hobgoblin hits you with a club!
* * * LOW HITPOINT WARNING * * *
Use which ability? (? or * to list)
Press: ? - help, Shift-Dir - straight line, f - hobgoblin
Aim: a hobgoblin, wielding a club (lightly wounded)
The splash of poison misses the hobgoblin!
You feel slightly more hungry! The hobgoblin hits you with a club!
You die!!!

# #### .# #...
.# #.#.##.#
#...... #.....
#...g# #.@#
#..# #..# #..#
#..# #..# .
#))#######...
#.............
##.....###...


You could see a hobgoblin.

Vanquished Creatures
  An orc priest (D:3)
  5 adders
  A giant gecko (D:1)
  3 orcs (D:3)
  A bat (D:1)
  A giant cockroach (D:3)
  2 goblins (D:1)
  3 hobgoblins
  A kobold (D:1)
  3 jackals (D:3)
  4 rats
25 creatures vanquished.

Notes
Turn   | Place    | Note
--------------------------------------------------------------
     0 | D:1      | 4tharraofdagon, the Naga Gladiator, began the quest for the Orb.
     0 | D:1      | Reached XP level 1. HP: 19/19 MP: 1/1
   127 | D:1      | Reached XP level 2. HP: 17/26 MP: 2/2
   240 | D:2      | Reached XP level 3. HP: 9/32 MP: 3/3
   333 | D:2      | Found a snail-covered altar of Cheibriados.
   333 | D:2      | Found a blossoming altar of Fedhas.
   336 | D:2      | Became a worshipper of Cheibriados the Contemplative
   409 | D:3      | Reached skill level 4 in Polearms
   409 | D:3      | Reached XP level 4. HP: 13/39 MP: 4/4
   485 | D:3      | Reached skill level 1 in Armour
   500 | D:3      | HP: 2/58 [orc/club (2)]
   555 | D:3      | HP: 2/40 [hobgoblin/club (4)]
   556 | D:3      | Slain by a hobgoblin

Action                   |  1- 3 |  4- 6 || total
-------------------------+-------+-------++-------
Melee: Trident           |    65 |    24 ||    89
Throw: Throwing net      |     5 |       ||     5
 Abil: Spit Poison       |    10 |     1 ||    11
  Use: Potion            |     2 |     1 ||     3
 Stab: Held in net/web   |     1 |       ||     1
